details: 'NE v UD decent game'

« prev index next »

General information

Mini Map

Players

team 1
NightElfxiaosheng (green | 69 APM | 1614 actions | 23:29)
Hero icon 5 Demon Hunter
Ability icon 2 Mana Burn
Ability icon 3 Evasion
Hero icon 4 Beastmaster
Ability icon 2 Summon Quilbeast
Ability icon 2 Summon Hawk

» actions
Assign group hotkey38
Basic commands184
Build / train68
ESC pressed2
Enter build submenu18
Enter hero's abilities submenu9
Give item / drop item3
Remove unit from queue3
Right click727
Select / deselect302
Select group hotkey165
Use ability95
1614 total
» units
Wisp14
Huntress4
Druid of the Claw9
Dryad6
Hippogryph5
38 total
» upgrades
Druid of the Claw Training2
Abolish Magic1
Strength of the Wild1
Reinforced Hides1
5 total
» buildings
Altar of Elders1
Moon Well9
Ancient of War1
Hunter's Hall1
Tree of Ages1
Ancient Protector1
Ancient of Lore2
Tree of Eternity1
Ancient of Wonders1
Ancient of Wind1
Tree of Life1
20 total
» build order
00:18 Altar of Elders
00:24 Moon Well
01:29 Ancient of War
01:34 Hunter's Hall
01:57 Moon Well
03:13 Tree of Ages
04:10 Ancient Protector
05:44 Ancient of Lore
06:07 Tree of Eternity
06:13 Ancient of Lore
07:32 Moon Well
08:12 Moon Well
10:47 Moon Well
10:58 Ancient of Wonders
12:08 Moon Well
13:12 Ancient of Wind
14:27 Moon Well
17:42 Moon Well
18:03 Moon Well
19:15 Tree of Life
» items
Dust of Appearance2
Scroll of Protection3
Potion of Lesser Invulnerability2
Scroll of Town Portal3
10 total
team 2
UndeadWesFSTGDB (pink | 136 APM | 3189 actions | 23:30)
Hero icon 6 Death Knight
Ability icon 3 Death Coil
Ability icon 2 Unholy Aura
Ability icon 1 Animate Dead
Hero icon 5 Dark Ranger
Ability icon 3 Black Arrow
Ability icon 2 Silence

» actions
Assign group hotkey32
Basic commands846
Build / train81
Enter build submenu19
Enter hero's abilities submenu11
Give item / drop item10
Right click1067
Select / deselect530
Select group hotkey492
Use ability99
3189 total
» units
Acolyte8
Ghoul5
Crypt Fiend8
Obsidian Statue3
Abomination2
Frost Wyrm5
31 total
» upgrades
Creature Attack3
Creature Carapace2
Web1
6 total
» buildings
Graveyard1
Crypt1
Ziggurat7
Altar of Darkness1
Nerubian Tower1
Tomb of Relics1
Halls of the Dead2
Slaughterhouse1
Necropolis1
Black Citadel1
Sacrificial Pit1
Boneyard1
19 total
» build order
00:10 Graveyard
00:20 Crypt
00:39 Ziggurat
01:11 Altar of Darkness
01:15 Ziggurat
01:36 Nerubian Tower
02:12 Tomb of Relics
03:30 Halls of the Dead
04:34 Ziggurat
05:01 Ziggurat
06:11 Slaughterhouse
09:00 Necropolis
09:30 Black Citadel
10:04 Sacrificial Pit
11:04 Ziggurat
11:52 Boneyard
17:37 Ziggurat
19:31 Ziggurat
» items
Rod of Necromancy3
Potion of Healing2
Scroll of Town Portal3
Potion of Lesser Invulnerability1
Scroll of Protection1
Scroll of Healing3
Potion of Mana2
Orb of Corruption1
16 total